Map: New Repugnancy LE

Players

Mez - Winner!

  • Race: Terran Terran
  • League: Master
  • Spawn Location: 1:00

OLI

  • Race: Terran Terran
  • League: Master
  • Spawn Location: 7:00

VOD

Have the link to the VOD?

Description

Time

  • Played on: July 31, 2019, 12:06 a.m.
  • Length: 2:53
Show
View Real Time Build Order
Export as new Build Order

Mez Terran - Winner!

Build Orders:  

Get SALT Encoding   

  12  0:00  SCV  
  13  0:13  SCV  
  14  0:17  Supply Depot  
  14  0:25  SCV  
  15  0:38  SCV  
  15  0:40  Barracks  
  16  0:44  Refinery  
  16  0:50  SCV  
  17  1:03  SCV  
  18  1:15  SCV  
  19  1:22  Barracks  
  19  1:29  Reaper, Orbital Command  
  20  1:41  Refinery  
  20  1:43  Barracks  
  20  1:55  SCV  
  20  1:59  Supply Depot  
  21  2:01  Reaper  
  22  2:09  Marine  
  23  2:21  SCV  
  24  2:27  Marine  
  25  2:32  Marine  
  25  2:33  SCV  
Show
View Real Time Build Order
Export as new Build Order

OLI Terran 

Build Orders:  

Get SALT Encoding   

  12  0:01  SCV  
  13  0:13  SCV  
  14  0:18  Supply Depot  
  14  0:25  SCV  
  15  0:52  Barracks  
  15  0:54  Barracks  
  15  0:59  Refinery  
  15  1:01  SCV  
  16  1:13  SCV  
  16  1:16  Supply Depot  
  17  1:25  SCV  
  18  1:39  SCV  
  19  1:45  Barracks Tech Lab  
  19  1:52  Orbital Command  
  19  1:56  Refinery  
  19  2:04  Marauder  
  19  2:05  Concussive Shells  
  20  2:18  SCV  
  20  2:26  Marauder  
  22  2:32  SCV  
Tags
 
Add a new tag
Caveats
  • Supply blocks, unpowered buildings, or Contaminate may cause inaccurate times.
  • Supply counts are checked every 10 seconds.